 Dungeon Sprint DCSS version 0.29-a0-409-gd843f3a48c (webtiles) character file.

Game seed: 15243985054201584513

4700000 Zeld the Conqueror (level 22, -121/233 HPs)
             Began as a Minotaur Monk on May 14, 2022.
             Was the Champion of Makhleb.
             Annihilated by The Servant
             ... wielding a +9 glaive of flaming
              (143 damage)
             ... in the Dungeon (Sprint VIII: "Arena of Blood").
             The game lasted 00:01:05 (47 turns).

Zeld the Conqueror (Minotaur Monk)                    Turns: 47, Time: 00:01:06

Health: -121/233   AC:  3    Str: 28    XL:     22   Next: 91%
Magic:  19/37      EV: 24    Int:  7    God:    Makhleb [******]
Gold:   0          SH:  0    Dex: 12    Spells: 45/45 levels left

rFire   . . .      SeeInvis .   i - +∞ Axe of Woe
rCold   . . .      Faith    .   (shield currently unavailable)
rNeg    . . .      Spirit   .   a - +0 robe
rPois   .          Reflect  .   (helmet restricted)
rElec   .          Harm     .   (no cloak)
rCorr   .          Rampage  .   (no gloves)
Will    +....      NoTele   +   (no boots)
Stlth   +++++++++.              (no amulet)
HPRegen 0.48/turn               (no ring)
MPRegen 0.25/turn               (no ring)

@: no status effects
A: horns 2, retaliatory headbutt
a: Renounce Religion, Minor Destruction, Lesser Servant of Makhleb, Major
Destruction, Greater Servant of Makhleb


You were in the Dungeon.
You worshipped Makhleb.
Makhleb was exalted by your worship.
You visited 1 branch

Inventory:

Hand Weapons
 i - the +∞ Axe of Woe (weapon)
   (You found it in the Dungeon)
Armour
 a - a +0 robe (worn)
Scrolls
 h - a scroll of blinking
Potions
 b - a potion of ambrosia
 c - a potion of curing
 d - a potion of heal wounds
 e - a potion of haste
 f - 2 potions of magic
 g - a potion of berserk rage


   Skills:
 O Level 27 Fighting
 + Level 18.0(20.9) Short Blades
 + Level 19.4(22.6) Long Blades
 O Level 27 Axes
 + Level 19.4(27) Maces & Flails
 + Level 19.4(27) Polearms
 + Level 19.4(25.2) Staves
 + Level 18.0(20.9) Slings
 + Level 18.0 Bows
 + Level 18.0 Crossbows
 + Level 16.6(19.4) Throwing
 + Level 19.5 Armour
 O Level 27 Dodging
 O Level 27 Stealth
 + Level 19.4 Shields
 O Level 27 Unarmed Combat
 + Level 12.0 Spellcasting
 + Level 13.0 Conjurations
 + Level 12.0 Hexes
 + Level 13.0 Summonings
 + Level 13.0 Necromancy
 + Level 13.0 Translocations
 + Level 14.1 Transmutations
 + Level 13.0 Fire Magic
 + Level 13.0 Ice Magic
 + Level 13.0 Air Magic
 + Level 14.1 Earth Magic
 + Level 13.0 Poison Magic
 + Level 16.6 Invocations
 + Level 15.3 Evocations


You had 45 spell levels left.
You didn't know any spells.
Your spell library was empty.

Dungeon Overview and Level Annotations

Branches:
Dungeon (1/1)

Altars:
Makhleb

Annotations:
D The Servant


Innate Abilities, Weirdness & Mutations

You have a pair of horns on your head.
You reflexively headbutt those who attack you in melee.


Message History

Your Poison Magic skill increases to level 13!
Your Invocations skill increases to level 16!
Your Evocations skill increases to level 15!
Unknown command.
You hit the bag of meat but do no damage.
You slaughter the bag of meat joyfully.
You kill the bag of meat!
Makhleb accepts your kill.
You feel better.
You slash the large bag of meat!
Flame seeps out of the large bag of meat.
You butcher the large bag of meat messily.
Makhleb accepts your kill.
You feel better.
The large bag of meat explodes!
The fiery explosion engulfs you!!
You are engulfed in blazing flames.
* * * LOW HITPOINT WARNING * * *
You hear a shout!
A destroyer comes into view. It is wielding a +9 vorpal great sword.
The eight-headed meat hydra calls on the powers of darkness!
The eight-headed meat hydra convulses!
The meat berserker convulses!
The eight-headed meat hydra convulses!
The bag of meat convulses!
The Servant convulses!
Your body is wracked with pain!
* * * LOW HITPOINT WARNING * * *
You hear a shout!
Unknown command.
You slice the sculptor of flesh!!
You dissect the sculptor of flesh like a pig carcass.
You destroy the sculptor of flesh!
Makhleb accepts your kill.
You feel better.
You are engulfed in blazing flames.
* * * LOW HITPOINT WARNING * * *
You hear a shout! x2
The eight-headed meat hydra calls on the powers of darkness!
The eight-headed meat hydra convulses!
The Servant convulses!
The eight-headed meat hydra convulses!
The meat berserker convulses!
The bag of meat convulses!
Your body is wracked with pain!
* * * LOW HITPOINT WARNING * * *
The Servant hits you from afar with a +9 glaive of flaming!!!!
Ouch! That really hurt!
You die...

...O ..... .V
#... .# . #...
..# ..###..○
..###.
.....§○###......
.....°§☼§§.....
#☼○§§.# #§§@§_#
#§☼)).#
D..@._......
.OD...###......
.o###... ..###.
. #... ..# #...
.# ..... ..


You could see The Servant, 2 eight-headed meat hydras, a destroyer, a meat
berserker (berserk) and a bag of meat.

Vanquished Creatures
  10 vampire knights (D)
  12 ogres (D)
  5 two-headed ogres (D)
  32 orcs (D)
  2 skeletal warriors (D)
61 creatures vanquished.

Notes
Turn   | Place    | Note
-------+----------+-------------------------------------------
     0 | D        | Found the +∞ Axe of Woe
     0 | D        | Zeld the Minotaur Monk began the quest for the Orb.
     0 | D        | Reached XP level 1. HP: 19/19 MP: 0/0
     0 | D        | Noticed a meat berserker
     4 | D        | Became a worshipper of Makhleb the Destroyer
     4 | D        | Reached * piety under Makhleb
     4 | D        | Reached ** piety under Makhleb
     6 | D        | Killed a meat berserker
     6 | D        | Noticed a bag of meat
     6 | D        | Noticed a bag of meat
     7 | D        | Reached XP level 2. HP: 56/56 MP: 1/1
     7 | D        | Reached XP level 3. HP: 63/63 MP: 2/2
     7 | D        | Reached XP level 4. HP: 71/71 MP: 3/3
     7 | D        | Reached XP level 5. HP: 79/79 MP: 4/4
     7 | D        | Reached XP level 6. HP: 86/86 MP: 5/5
     7 | D        | Reached XP level 7. HP: 94/94 MP: 6/6
     7 | D        | Reached XP level 8. HP: 102/102 MP: 7/7
     7 | D        | Reached XP level 9. HP: 108/108 MP: 8/8
     7 | D        | Reached XP level 10. HP: 117/117 MP: 9/9
     7 | D        | Reached XP level 11. HP: 124/124 MP: 10/10
     7 | D        | Killed a bag of meat
     7 | D        | Noticed a meat berserker
     8 | D        | Reached XP level 12. HP: 137/137 MP: 11/11
     8 | D        | Noticed a bag of meat
     8 | D        | Killed a bag of meat
     9 | D        | Reached XP level 13. HP: 148/148 MP: 12/12
    10 | D        | Noticed a meat berserker
    10 | D        | Noticed a meat berserker
    10 | D        | Noticed a bag of meat
    11 | D        | Killed a meat berserker
    11 | D        | Reached *** piety under Makhleb
    11 | D        | Noticed a bag of meat
    12 | D        | Reached skill level 10 in Axes
    12 | D        | Noticed a large bag of meat
    13 | D        | Killed a bag of meat
    13 | D        | Noticed a bag of meat
    14 | D        | Reached XP level 14. HP: 87/165 MP: 13/13
    14 | D        | Noticed a bag of meat
    14 | D        | Killed a bag of meat
    14 | D        | Killed a meat berserker
    14 | D        | Reached **** piety under Makhleb
    14 | D        | Killed a meat berserker
    14 | D        | Noticed a bag of meat
    14 | D        | Noticed a bag of meat
    15 | D        | Reached skill level 27 in Fighting
    15 | D        | Reached XP level 15. HP: 154/174 MP: 14/14
    15 | D        | Noticed a meat berserker
    15 | D        | Noticed a meat berserker
    16 | D        | Noticed a meat berserker
    17 | D        | Killed a meat berserker
    17 | D        | Noticed a meat berserker
    18 | D        | Reached skill level 27 in Dodging
    18 | D        | Reached skill level 10 in Stealth
    18 | D        | Reached skill level 27 in Unarmed Combat
    19 | D        | Killed a large bag of meat
    19 | D        | Reached ***** piety under Makhleb
    19 | D        | Noticed a meat berserker
    20 | D        | Reached skill level 27 in Axes
    20 | D        | Reached XP level 16. HP: 159/183 MP: 15/15
    20 | D        | Killed a meat berserker
    21 | D        | Noticed a destroyer
    22 | D        | Noticed a large bag of meat
    22 | D        | Killed a meat berserker
    24 | D        | Reached skill level 27 in Stealth
    24 | D        | Reached XP level 17. HP: 191/191 MP: 16/16
    24 | D        | Noticed a destroyer
    24 | D        | Noticed a large bag of meat
    25 | D        | Killed a meat berserker
    25 | D        | Noticed a meat berserker
    26 | D        | Reached skill level 5 in Long Blades
    26 | D        | Reached skill level 5 in Maces & Flails
    26 | D        | Reached skill level 5 in Polearms
    26 | D        | Reached skill level 5 in Staves
    26 | D        | Reached skill level 5 in Armour
    26 | D        | Reached skill level 5 in Shields
    26 | D        | Reached ****** piety under Makhleb
    27 | D        | Reached skill level 5 in Short Blades
    27 | D        | Reached skill level 5 in Slings
    27 | D        | Reached skill level 5 in Bows
    27 | D        | Reached skill level 5 in Crossbows
    27 | D        | Reached skill level 5 in Throwing
    27 | D        | Reached skill level 5 in Invocations
    27 | D        | Reached XP level 18. HP: 200/200 MP: 16/22
    27 | D        | Killed a destroyer
    27 | D        | Noticed a meat berserker
    27 | D        | Noticed a destroyer
    28 | D        | Reached skill level 5 in Conjurations
    28 | D        | Reached skill level 5 in Summonings
    28 | D        | Reached skill level 5 in Necromancy
    28 | D        | Reached skill level 5 in Translocations
    28 | D        | Reached skill level 5 in Transmutations
    28 | D        | Reached skill level 5 in Fire Magic
    28 | D        | Reached skill level 5 in Ice Magic
    28 | D        | Reached skill level 5 in Air Magic
    28 | D        | Reached skill level 5 in Earth Magic
    28 | D        | Reached skill level 5 in Poison Magic
    28 | D        | Noticed an eight-headed meat hydra
    29 | D        | Reached skill level 5 in Spellcasting
    29 | D        | Reached skill level 5 in Hexes
    29 | D        | Noticed a destroyer
    30 | D        | Noticed a sculptor of flesh
    30 | D        | Noticed a destroyer
    31 | D        | Killed a meat berserker
    31 | D        | Killed a large bag of meat
    31 | D        | Noticed a destroyer
    32 | D        | Reached skill level 10 in Short Blades
    32 | D        | Reached skill level 10 in Slings
    32 | D        | Reached skill level 10 in Bows
    32 | D        | Reached skill level 10 in Crossbows
    32 | D        | Reached XP level 19. HP: 158/207 MP: 17/27
    32 | D        | Killed a meat berserker
    33 | D        | Reached skill level 10 in Throwing
    33 | D        | Reached skill level 10 in Invocations
    33 | D        | Killed a meat berserker
    34 | D        | Killed a destroyer
    34 | D        | Killed a destroyer
    35 | D        | Reached skill level 10 in Evocations
    35 | D        | Reached XP level 20. HP: 201/216 MP: 17/31
    35 | D        | Killed a large bag of meat
    35 | D        | Killed a destroyer
    35 | D        | Noticed a large bag of meat
    35 | D        | Noticed a large bag of meat
    36 | D        | Reached skill level 10 in Transmutations
    36 | D        | Reached skill level 10 in Earth Magic
    37 | D        | Reached skill level 15 in Long Blades
    37 | D        | Reached skill level 15 in Maces & Flails
    37 | D        | Reached skill level 15 in Polearms
    37 | D        | Reached skill level 15 in Staves
    37 | D        | Reached skill level 15 in Armour
    37 | D        | Reached skill level 15 in Shields
    37 | D        | Reached skill level 10 in Conjurations
    37 | D        | Reached skill level 10 in Summonings
    37 | D        | Reached skill level 10 in Necromancy
    37 | D        | Reached skill level 10 in Translocations
    37 | D        | Reached skill level 10 in Fire Magic
    37 | D        | Reached skill level 10 in Ice Magic
    37 | D        | Reached skill level 10 in Air Magic
    37 | D        | Reached skill level 10 in Poison Magic
    37 | D        | Reached XP level 21. HP: 210/224 MP: 17/33
    37 | D        | Noticed a destroyer
    37 | D        | Noticed a destroyer
    37 | D        | Noticed a destroyer
    38 | D        | Noticed The Servant
    38 | D        | Killed a destroyer
    39 | D        | Reached skill level 15 in Short Blades
    39 | D        | Reached skill level 15 in Slings
    39 | D        | Reached skill level 15 in Bows
    39 | D        | Reached skill level 15 in Crossbows
    39 | D        | Reached skill level 10 in Spellcasting
    39 | D        | Reached skill level 10 in Hexes
    39 | D        | Killed a destroyer
    39 | D        | Killed a large bag of meat
    39 | D        | Noticed a destroyer
    41 | D        | Killed a destroyer
    42 | D        | Reached skill level 15 in Throwing
    42 | D        | Reached skill level 15 in Invocations
    42 | D        | Reached XP level 22. HP: 76/233 MP: 18/36
    43 | D        | Killed a destroyer
    45 | D        | Killed a destroyer
    45 | D        | Killed a destroyer
    46 | D        | Reached skill level 15 in Evocations
    46 | D        | Killed a large bag of meat
    46 | D        | Noticed a destroyer
    47 | D        | Annihilated by The Servant

Illustrated notes

Levels and vault maps discovered:
D:        meatsprint

Skill      XL: |  1  2  3  4  5  6  7  8  9 10 11 12 13 14 15 16 17 18 19 20 21 22 |
---------------+-------------------------------------------------------------------+-----
Fighting       | 20 21 23 26 27 | 27.0
Axes           | 6 7 8 11 16 27 | 27.0
Dodging        | 18 19 20 23 26 27 | 27.0
Stealth        | 6 7 8 9 14 27 | 27.0
Unarmed Combat | 18 19 20 23 26 27 | 27.0
Short Blades   | 5 10 12 14 16 18 | 18.0
Long Blades    | 6 11 13 15 18 19 | 19.4
Maces & Flails | 6 11 13 15 18 19 | 19.4
Polearms       | 6 11 13 15 18 19 | 19.4
Staves         | 6 11 13 15 18 19 | 19.4
Slings         | 5 10 12 14 16 18 | 18.0
Bows           | 5 10 12 14 16 18 | 18.0
Crossbows      | 5 10 12 14 16 18 | 18.0
Throwing       | 5 9 11 13 15 16 | 16.6
Armour         | 6 11 13 15 18 19 | 19.5
Shields        | 6 11 13 15 18 19 | 19.4
Spellcasting   | 3 6 8 9 11 12 | 12.0
Conjurations   | 4 7 9 10 12 13 | 13.0
Hexes          | 3 6 8 9 11 12 | 12.0
Summonings     | 4 7 9 10 12 13 | 13.0
Necromancy     | 4 7 9 10 12 13 | 13.0
Translocations | 4 7 9 10 12 13 | 13.0
Transmutations | 4 7 9 11 13 14 | 14.1
Fire Magic     | 4 7 9 10 12 13 | 13.0
Ice Magic      | 4 7 9 10 12 13 | 13.0
Air Magic      | 4 7 9 10 12 13 | 13.0
Earth Magic    | 4 7 9 11 13 14 | 14.1
Poison Magic   | 4 7 9 10 12 13 | 13.0
Invocations    | 5 9 11 13 15 16 | 16.6
Evocations     | 4 8 10 12 14 15 | 15.3

Action                   |  1- 3 |  4- 6 |  7- 9 | 10-12 | 13-15 | 16-18 | 19-21 | 22-24 || total
-------------------------+-------+-------+-------+-------+-------+-------+-------+-------++-------
Melee: Executioner's axe |     1 |       |       |     2 |     6 |     9 |     9 |     6 ||    33
Dodge: Dodged            |       |       |       |       |     1 |       |     1 |       ||     2

Table legend: (Time is in decaauts)
 A = Elapsed time spent in this place.
 B = Non-inter-level travel time spent in this place.
 C = Inter-level travel time spent in this place.
 D = Time resting spent in this place.
 E = Time spent auto-exploring this place.
 F = Levels seen in this place.
 G = Mean time per level.
                   A        B        C        D        E       F      G
               +--------+--------+--------+--------+--------+-----+--------+
         Total |     42 |     42 |      0 |      0 |      0 |   1 |   42.0 |
       Dungeon |     42 |     42 |      0 |      0 |      0 |   1 |   42.0 |
               +--------+--------+--------+--------+--------+-----+--------+

Top non-repeatable levels by time:
       D: 42 daAuts
